Map: Frozen Temple

Players

ShaDoWn - Winner!

  • Race: Protoss Protoss
  • League: Grandmaster

LiquidTLO (TLO)

  • Race: Zerg Zerg
  • League: Grandmaster

VOD

Have the link to the VOD?

Description

Time

  • Played on: July 4, 2016, 3:51 p.m.
  • Length: 5:27
Show
View Real Time Build Order
Export as new Build Order

ShaDoWn Protoss - Winner!

Build Orders: 1 Gate Expand 

Get SALT Encoding   

  12  0:01  Probe (Chrono Boost)  
  13  0:11  Probe (Chrono Boost)  
  14  0:18  Pylon  
  14  0:22  Probe (Chrono Boost)  
  15  0:36  Probe (Chrono Boost)  
  15  0:39  Gateway  
  16  0:47  Assimilator, Probe (Chrono Boost)  
  17  0:57  Probe (Chrono Boost)  
  18  1:08  Probe (Chrono Boost)  
  19  1:20  Nexus  
  19  1:23  Probe (Chrono Boost)  
  20  1:32  Cybernetics Core  
  20  1:36  Probe (Chrono Boost)  
  21  1:41  Assimilator  
  21  1:46  Probe (Chrono Boost)  
  22  1:51  Pylon  
  22  1:57  Probe (Chrono Boost)  
  23  2:09  Adept (Chrono Boost), Warp Gate (Chrono Boost), Probe (Chrono Boost)  
  26  2:16  Twilight Council  
  26  2:21  Probe  
  27  2:30  Probe  
  27  2:33  Adept (Chrono Boost), Probe  
  31  2:41  Probe  
  32  2:45  Probe  
  33  2:51  Probe  
  33  2:53  Resonating Glaives  
  33  2:57  Adept (Chrono Boost), Probe  
  37  3:02  Probe  
  38  3:11  Mothership Core  
  40  3:12  Probe  
  40  3:17  Gateway  
  41  3:21  Adept (Chrono Boost)  
  41  3:23  Gateway, Probe  
  44  3:31  Pylon  
  44  3:32  Probe  
  44  3:33  Probe  
  46  3:48  Sentry (Chrono Boost)  
  46  3:49  Probe x2  
  46  3:55  Pylon  
  48  4:01  Assimilator, Probe  
  48  4:02  Probe  
  50  4:10  Assimilator  
  50  4:13  Probe  
  50  4:14  Probe  
  52  4:20  Pylon  
  52  4:21  Adept x3  
  58  4:25  Probe  
  58  4:26  Probe  
  60  4:31  Cybernetics Core  
  60  4:33  Pylon  
  60  4:35  Gateway  
  60  4:36  Probe  
  60  4:38  Probe  
  62  4:47  Dark Shrine, Probe  
  62  4:52  Zealot x3  
  69  5:09  Pylon  
  67  5:14  Adept x2  
  67  5:15  Adept  
Show
View Real Time Build Order
Export as new Build Order

LiquidTLO Zerg 

Build Orders: Hatch First, Zergling Baneling 

Get SALT Encoding   

  12  0:00  Drone  
  13  0:13  Overlord  
  13  0:18  Drone  
  14  0:32  Drone x2  
  16  0:49  Hatchery  
  15  0:51  Drone  
  15  0:56  Extractor, Drone  
  16  1:03  Drone  
  17  1:15  Spawning Pool  
  17  1:17  Drone  
  17  1:21  Drone  
  18  1:28  Drone  
  19  1:39  Overlord  
  19  1:57  Drone  
  20  2:01  Metabolic Boost  
  20  2:02  Queen  
  20  2:04  Queen  
  20  2:07  Zergling x2  
  25  2:10  Drone  
  26  2:16  Drone  
  26  2:17  Drone  
  28  2:24  Baneling Nest  
  28  2:28  Zergling x2  
  28  2:34  Zergling x4  
  28  2:35  Zergling x2  
  30  2:47  Zergling x2  
  30  2:50  Zergling x2  
  32  2:59  Overlord  
  32  3:06  Zergling x2  
  32  3:08  Zergling x2, Hatchery  
  32  3:12  Zergling x2  
  34  3:23  Baneling x3  
  34  3:24  Zergling x2, Baneling x3  
  35  3:30  Zergling x6  
  35  3:32  Baneling  
  38  3:40  Zergling x4  
  38  3:41  Baneling x2  
  40  3:47  Zergling x2  
  40  3:51  Zergling x2  
  40  3:55  Zergling x2, Evolution Chamber  
  39  3:56  Zergling x2  
  39  4:00  Zergling x2  
  40  4:03  Zergling x2  
  40  4:06  Zergling x2  
  42  4:14  Zergling x2  
  42  4:16  Overlord  
  43  4:19  Zergling x2  
  44  4:26  Zergling x6  
  44  4:29  Zergling x2  
  47  4:34  Zergling x2  
  47  4:37  Zergling x2  
  48  4:41  Zergling x2  
  48  4:44  Zergling x2  
  47  4:46  Zergling x2  
  47  4:51  Zergling x2  
  49  4:54  Baneling x2  
  49  4:55  Baneling  
  49  4:58  Baneling  
  49  5:04  Baneling x3  
Tags
 
Add a new tag
Caveats
  • Supply blocks, unpowered buildings, or Contaminate may cause inaccurate times.
  • Supply counts are checked every 10 seconds.